 Dungeon Crawl Stone Soup version 0.14-a0-1527-g89529d6 (webtiles) character file.

51213 M4edhros the Spear-Bearer (level 14, -14/82 HPs)
             Began as an Octopode Chaos Knight on Dec 17, 2013.
             Was a Plaything of Xom.
             Demolished by a spriggan rider
             ... wielding a +0,+0 spear
              (19 damage)
             ... on Level 8 of the Lair of Beasts on Dec 18, 2013.
             The game lasted 01:58:29 (21172 turns).

M4edhros the Spear-Bearer (Octopode Chaos Knight)  Turns: 21172, Time: 01:58:30

HP -14/82        AC  1     Str 15      XL: 14   Next: 52%
MP  21/29        EV 18     Int 18 (19) God: Xom
Gold 1436        SH  0     Dex 13 (14) Spells:  7 memorised,  2 levels left

rFire  + . .     SeeInvis .     P - +4,+6 halberd (freeze)
rCold  . . .     Clarity  .     (no shield)
rNeg   + + .     Conserve .     (helmet restricted)
rPois  .         rCorr    .     v - amulet of faith
rElec  .         rRot     .     z - ring of positive energy
SustAb . .       Spirit   .     k - ring of flight
rMut   .         Warding  .     I - ring of positive energy
Saprov . . .     Stasis   .     X - ring of sustenance
                                (no ring)
                                h - +4 ring of strength
                                (no ring)
                                (no ring)

@: regenerating, somewhat resistant to hostile enchantments, fairly stealthy
A: almost no armour, amphibious, 8 rings, constrict 8, fangs 1, camouflage 1,
agile 1, blink 1, fire resistance 1, frail 1, high mp 1, wild magic 1,
gelatinous body 1
a: Blink, Renounce Religion, Evoke Flight


You were on level 8 of the Lair of Beasts.
You worshipped Xom.
You were a favourite toy of Xom.
You were not hungry.

You visited 2 branches of the dungeon, and saw 20 of its levels.
You also visited: Bailey and Ice Cave.

You collected 1592 gold pieces.
You spent 156 gold pieces at shops.

Inventory:

Hand weapons
 c - the +11,+7 mace of the End of Times {crush, MR+ SInv}
   (You found it on level 8 of the Dungeon)

   It inflicts extra damage upon your enemies.
   It affects your resistance to hostile enchantments.
   It enhances your eyesight.
 f - the +7,+7 dagger of Maedei {antimagic, +Fly Dex+2}
   (You found it on level 6 of the Lair of Beasts)

   It disrupts the flow of magical energy around spellcasters and certain
   magical creatures (including the wielder).
   It affects your dexterity (+2).
   It lets you fly.
 t - a +1,+0 sling
 K - a +0 elven blowgun
 O - a +5,+4 trident of piercing
 P - a +4,+6 halberd of freezing (weapon)
Missiles
 b - 70 stones (quivered)
 m - 14 sling bullets
 o - 18 exploding sling bullets
 C - 6 steel sling bullets
 J - 2 curare-tipped needles
Magical devices
 l - a wand of cold (11)
 B - a wand of random effects (9)
 L - a wand of slowing (12)
 R - a wand of enslavement (13)
 T - a wand of cold (1)
Comestibles
 j - 8 bananas
 n - 2 chokos
 A - 4 meat rations
 F - an apple
 G - a pear
Scrolls
 p - 2 scrolls of remove curse
 w - 4 scrolls of fog
 x - a scroll of identify
 y - a scroll of enchant armour
 S - 2 scrolls of teleportation
Jewellery
 h - a +4 ring of strength (on tentacle)
 k - a ring of flight (right tentacle)
 v - an amulet of faith (around mantle)
 z - a ring of positive energy (left tentacle)
 I - a ring of positive energy (on tentacle)
 N - an uncursed amulet of stasis
 U - an uncursed amulet of rage
 X - a ring of sustenance (on tentacle)
Potions
 a - 2 potions of brilliance
 d - a potion of berserk rage
 g - 2 potions of flight
 Q - a potion of might
 Y - a potion of curing
Books
 i - a book of Death

   Spells                             Type                      Level
   Corpse Rot                         Necromancy                   2
   Sublimation of Blood               Necromancy                   2
   Agony                              Necromancy                   5
   Dispel Undead                      Necromancy                   5
   Excruciating Wounds                Charms/Necromancy            5
   Bolt of Draining                   Conjuration/Necromancy       5
 q - a book of Ice

   Spells                             Type                      Level
   Freezing Aura                      Charms/Ice                   2
   *Ensorcelled Hibernation           Hexes/Ice                    2
   Ozocubu's Refrigeration            Ice                          6
   Bolt of Cold                       Conjuration/Ice              6
   Freezing Cloud                     Conjuration/Ice/Air          6
   Metabolic Englaciation             Hexes/Ice                    6
   Simulacrum                         Ice/Necromancy               6
 r - a book of Clouds

   Spells                             Type                      Level
   *Mephitic Cloud                    Conjuration/Poison/Air       3
   *Conjure Flame                     Conjuration/Fire             3
   *Poisonous Cloud                   Conjuration/Poison/Air       6
   Freezing Cloud                     Conjuration/Ice/Air          6
   Ring of Flames                     Charms/Fire                  7
 s - a book of Power

   Spells                             Type                      Level
   Iskenderun's Mystic Blast          Conjuration                  4
   Venom Bolt                         Conjuration/Poison           5
   Bolt of Magma                      Conjuration/Fire/Earth       5
   Fulminant Prism                    Conjuration/Hexes            5
   Iron Shot                          Conjuration/Earth            6
   Orb of Destruction                 Conjuration                  7
 E - a book of Battle

   Spells                             Type                      Level
   Infusion                           Charms                       1
   *Shroud of Golubria                Charms/Translocation         2
   Song of Slaying                    Charms                       2
   *Spectral Weapon                   Hexes/Charms                 3
   *Regeneration                      Charms/Necromancy            3
Miscellaneous
 u - a lamp of fire
 D - a lantern of shadows


   Skills:
 - Level 7.4 Fighting
 - Level 11.0 Polearms
 * Level 10.4 Dodging
   Level 0.0 Shields
 + Level 5.9 Spellcasting
 * Level 10.7 Conjurations
 - Level 2.9 Hexes
 - Level 5.6 Charms
 - Level 4.1 Necromancy
 - Level 2.5 Ice Magic
 * Level 7.0 Air Magic
 * Level 9.0 Poison Magic
 - Level 2.5 Evocations


You had 2 spell levels left.
You knew the following spells:

 Your Spells              Type           Power        Failure   Level  Hunger
a - Regeneration          Chrm/Necr      ####......   13%         3    ##.....
b - Shroud of Golubria    Chrm/Tloc      ###.......   16%         2    None
c - Ensorcelled Hibernat  Hex/Ice        ###...       16%         2    None
d - Mephitic Cloud        Conj/Pois/Air  ######..     3%          3    ##.....
e - Conjure Flame         Conj/Fire      #####...     11%         3    ##.....
f - Spectral Weapon       Hex/Chrm       ####....     19%         3    ##.....
g - Poisonous Cloud       Conj/Pois/Air  ######....   73%         6    #######


Dungeon Overview and Level Annotations

Branches:
Dungeon (12/16)            Temple (0/1) D:5             Orc (0/4) D:10
   Lair (8/8) D:11         Shoals (0/5) Lair:5       Spider (0/5) Lair:4
  Slime (0/6) Lair:6

Altars:
Ashenzari
Elyvilon
Fedhas
Makhleb
Nemelex Xobeh
Trog
Beogh

Shops:
D:4 [   D:6 !}/?   D:10 +

Annotations:
D:5 Sigmund; zkyp's ghost, average MiCK
D:8 exclusions: plant, sensed monster (detected) and 2 more exclusions
Lair:4 Gorice's ghost, powerful DrBe


Innate Abilities, Weirdness & Mutations

You cannot wear most types of armour.
You are amphibious.
You can wear up to eight rings at the same time.
You can use your tentacles to constrict many enemies at once.
Your skin changes colour to match your surroundings (Stlth).
Your rubbery body absorbs attacks (AC +1).
You have very sharp teeth.
You are agile. (Dex +2)
You can translocate small distances at will.
Your flesh is heat resistant.
You are frail (-10% HP).
You have an increased reservoir of magic (+10% MP).
Your spells are a little harder to cast, but a little more powerful.


Message History

Xom thinks this is hilarious!
Read which item? (? for menu, Esc to quit)
Okay, then.
Drink which item? (? for menu, Esc to quit)
Okay, then.
Casting: Regeneration
Confirm with . or Enter, or press ? or * to list all spells.
Okay, then.
Read which item? (? for menu, Esc to quit)
As you read the scroll of fear, it crumbles to dust.
You assume a fearsome visage.
The wolf looks frightened!
The wolf looks frightened!
The spriggan rider resists.
The spriggan rider closely misses you. The grizzly bear bites your ice dragon!
The grizzly bear claws your ice dragon.
The grizzly bear claws your ice dragon but does no damage.
Your ice dragon bites the grizzly bear!
The grizzly bear dies!
The spriggan rider hits you from afar with a spear!
You die...
Xom chuckles heartily!

*♣.♣***..♣*****,,,***
♣.%**♣.♣♣*****,,* ♣♣
*♣♣)♣♣♣.♣♣**** ,*♣♣♣♣
♣♣♣h.♣..♣♣****,,♣♣♣♣.
♣♣♣(♣..i♣♣****,*♣♣♣..
♣♣h)D%♣..♣**,,,♣♣♣...
*♣♣.i♣♣*,,**,*♣♣♣♣...
*♣♣♣%♣♣*,,,,*♣♣♣♣....
*♣♣♣@♣♣***♣♣♣♣♣......
♣♣♣♣.♣♣**♣♣♣♣♣♣......
♣♣♣.♣♣♣♣♣♣♣♣.♣..f..f.
♣♣..♣♣♣♣.♣....#ffff..
♣♣...♣♣....P#........
♣♣P..................
♣♣##.................
##*#......f.......#f.
**##.......f.........


You could see a spriggan rider, 2 wolves and a friendly ice dragon.

Vanquished Creatures
  A frost giant (IceCv)
  An unseen horror (D:10)
  A hill giant (D:11)
  An orc knight (Bailey)
  A griffon (D:11)
  A wolf spider (Lair:6)
  4 elephants (Lair:6)
  Maurice (D:11)
  2 black mambas
  5 spiny frogs
  Psyche (D:11)
  An item mimic (D:11)
  Grinder (D:3)
  A fire drake (D:6)
  6 komodo dragons
  12 polar bears
  3 spriggans
  A two-headed ogre (D:10)
  5 blink frogs (Lair:5)
  A boulder beetle (Lair:8)
  2 ravens (Lair:5)
  3 basilisks
  A grizzly bear (Lair:8)
  2 trapdoor spiders (D:10)
  A shadow (D:11)
  A hill giant zombie (D:10)
  An elephant slug (Lair:8)
  A redback (Lair:7)
  3 sharks (Lair:8)
  4 hippogriffs
  26 yaks
  34 wolves
  Menkaure (D:5)
  3 manticores
  4 ogres
  10 porcupines
  2 black bears (Lair:8)
  2 sky beasts (D:11)
  8 crocodiles
  3 phantoms
  2 slaves (D:9)
  5 centaurs
  5 ice beasts
  4 big kobolds
  13 orc warriors
  4 giant frogs
  7 water moccasins
  2 giant slugs
  2 gnoll sergeants
  4 agate snails
  An eye of draining (D:10)
  6 killer bees
  A hippogriff zombie (D:9)
  9 wights
  A jellyfish (Lair:8)
  A yak skeleton (D:10)
  2 electric eels (Lair:8)
  5 hounds
  A pulsating lump (Lair:6)
  A goliath beetle (D:10)
  2 centaur zombies
  A water moccasin zombie (D:7)
  5 spiders
  A big fish (Lair:8)
  12 crimson imps
  9 orc priests
  A cyclops simulacrum (D:11)
  A two-headed ogre skeleton (D:10)
  2 giant frog skeletons (D:6)
  3 orc wizards
  3 scorpions (D:7)
  An iron imp (Lair:8)
  A yak simulacrum (D:11)
  5 iguanas
  7 worker ants
  3 orange rats (D:11)
  An ogre zombie (D:6)
  6 sheep
  A big kobold skeleton (D:10)
  The ghost of M4edhros the Poker, a weakling OpCK of Xom (D:3)
  A mummy (D:11)
  A worker ant zombie (D:11)
  11 gnolls
  2 big kobold simulacra (D:11)
  A lemure (D:11)
  26 adders
  7 giant centipedes
  A giant mite (D:9)
  42 green rats
  2 white imps
  A shadow imp (Lair:7)
  An ufetubus (Lair:8)
  5 worms
  A giant eyeball (D:5)
  A giant eyeball (shapeshifter) (Lair:5)
  2 giant geckos
  An ooze (D:3)
  53 orcs
  3 ball pythons
  23 bats
  14 hobgoblins
  33 kobolds
  11 quokkas
  11 giant cockroaches
  A giant newt (shapeshifter) (D:2)
  4 giant newts
  A giant spore (D:5)
  14 goblins
  35 jackals
  16 rats
  6 ballistomycetes (D:5)
  A bush (Lair:6)
  3 fungi
  2 plants
641 creatures vanquished.

Vanquished Creatures (collateral kills)
  2 elephants (Lair:6)
  2 giant fireflies (Lair:8)
  2 spriggans (Lair:8)
  3 grizzly bears (Lair:8)
  A yak (IceCv)
  The ghost of mopl the Cudgeler, an average DsFi (D:6)
  A wolf (Lair:1)
  11 big kobolds (D:8)
  A centaur (D:7)
  An agate snail (Lair:1)
  A manticore zombie (D:8)
  A jellyfish (Lair:8)
  A worker ant (D:7)
  An adder (Lair:8)
  A white imp (D:11)
  4 kobolds
  A rat (D:11)
35 creatures vanquished.

Vanquished Creatures (others)
  Pikel (D:9)
  A phantom (D:5)
  4 quasits
  4 crimson imps
  3 iron imps
  3 lemures
  3 white imps
  3 ufetubi
  An ooze (D:5)
  A giant spore (D:5)
  A butterfly (Lair:6)
  6 fungi
  A plant (Lair:6)
32 creatures vanquished.

Grand Total: 708 creatures vanquished

Notes
Turn   | Place    | Note
--------------------------------------------------------------
     0 | D:1      | M4edhros, the Octopode Chaos Knight, began the quest for the Orb.
     0 | D:1      | Reached XP level 1. HP: 16/16 MP: 1/1
    85 | D:1      | Found a sparkling altar of Nemelex Xobeh.
   363 | D:1      | XOM: harmless Divn miscast
   408 | D:1      | Reached XP level 2. HP: 13/21 MP: 2/2
   693 | D:1      | Reached XP level 3. HP: 26/26 MP: 3/3
   838 | D:2      | XOM: cast spell 'Spider Form'
   907 | D:2      | Found a shattered altar of Ashenzari.
  1074 | D:2      | Gained mutation: Your magical capacity is low (-10% MP). [potion of mutation]
  1074 | D:2      | Gained mutation: You are clumsy. (Dex -2) [potion of mutation]
  1074 | D:2      | Gained mutation: You occasionally shout uncontrollably. [potion of mutation]
  1075 | D:2      | Gained mutation: You have a slow metabolism. [potion of mutation]
  1075 | D:2      | Lost mutation: You have a slow metabolism. [potion of mutation]
  1075 | D:2      | Gained mutation: Your spells are a little harder to cast, but a little more powerful. [potion of mutation]
  1289 | D:2      | Reached skill level 4 in Polearms
  1289 | D:2      | Reached XP level 4. HP: 21/31 MP: 3/3
  1453 | D:2      | XOM: silly message
  1670 | D:2      | Found a burning altar of Makhleb.
  1985 | D:3      | Noticed Grinder
  1985 | D:3      | XOM: potion effect (might)
  1985 | D:3      | Paralysed by Grinder for 7 turns
  1989 | D:3      | XOM: harmless Pois miscast
  1997 | D:3      | Killed Grinder
  1997 | D:3      | Reached skill level 5 in Polearms
  1997 | D:3      | Reached XP level 5. HP: 14/37 MP: 4/4
  1997 | D:3      | Reached XP level 6. HP: 16/43 MP: 5/5
  2457 | D:3      | Noticed M4edhros' ghost (weakling OpCK)
  2463 | D:3      | Killed M4edhros' ghost
  2498 | D:3      | XOM: silly message
  2600 | D:3      | XOM: medium Erth miscast
  2742 | D:3      | XOM: harmless Hex miscast
  2746 | D:3      | XOM: give mutations
  2746 | D:3      | Gained mutation: Your mind is acute. (Int +2) [Xom's mischief]
  2746 | D:3      | Lost mutation: Your magical capacity is low (-10% MP). [Xom's mischief]
  2746 | D:3      | Gained mutation: You are weak. (Str -2) [Xom's mischief]
  2746 | D:3      | Lost mutation: You are clumsy. (Dex -2) [Xom's mischief]
  2959 | D:4      | Reached skill level 6 in Polearms
  2959 | D:4      | Reached XP level 7. HP: 49/49 MP: 7/7
  3128 | D:4      | Found Omania's Armour Shop.
  3225 | D:4      | XOM: give mutations
  3225 | D:4      | Lost mutation: Your spells are a little harder to cast, but a little more powerful. [Xom's mischief]
  3225 | D:4      | Gained mutation: You are agile. (Dex +2) [Xom's mischief]
  3234 | D:4      | XOM: give mutations
  3234 | D:4      | Lost mutation: You are weak. (Str -2) [Xom's mischief]
  3234 | D:4      | Gained mutation: You are very agile. (Dex +4) [Xom's mischief]
  3234 | D:4      | Gained mutation: You are frail (-10% HP). [Xom's mischief]
  3302 | D:4      | XOM: give mutation
  3302 | D:4      | Gained mutation: You can spit poison. [Xom's grace]
  3349 | D:4      | Found a blossoming altar of Fedhas.
  3490 | D:5      | Entered Level 5 of the Dungeon
  3515 | D:5      | Noticed Sigmund
  3625 | D:5      | Found a bloodstained altar of Trog.
  3916 | D:5      | Reached skill level 5 in Fighting
  3924 | D:5      | Found a staircase to the Ecumenical Temple.
  4074 | D:5      | Reached skill level 7 in Polearms
  4074 | D:5      | Reached skill level 5 in Dodging
  4074 | D:5      | Reached XP level 8. HP: -42/49 MP: 8/8
  4074 | D:5      | XOM: divine lightning
  4131 | D:5      | Noticed zkyp's ghost (average MiCK)
  4303 | D:5      | XOM: god gift: 4 poisoned darts
  4392 | D:5      | XOM: confuse monster(s)
  4546 | D:5      | Noticed Menkaure
  4574 | D:5      | XOM: vitrification
  4615 | D:5      | XOM: enchant monster (good)
  4625 | D:5      | XOM: give mutations
  4625 | D:5      | Gained mutation: You can translocate small distances at will. [Xom's grace]
  4625 | D:5      | Gained mutation: You are partially covered in rough black scales (AC +4, Dex -1). [Xom's grace]
  4625 | D:5      | Gained mutation: Your flesh is heat resistant. [Xom's grace]
  4634 | D:5      | XOM: vitrification
  4635 | D:5      | XOM: 5-stop teleportation journey
  4651 | D:5      | XOM: inner flame monster(s)
  4785 | D:5      | XOM: 1-stop teleportation journey
  4817 | D:5      | XOM: cast spell 'Shadow Creatures'
  5031 | D:6      | XOM: vitrification
  5055 | D:6      | Noticed a fire drake
  5055 | D:6      | a goliath beetle changed into a fire drake
  5055 | D:6      | XOM: polymorph goliath beetle -> fire drake
  5060 | D:6      | Killed a fire drake
  5129 | D:6      | XOM: 3-stop teleportation journey
  5143 | D:6      | XOM: cast spell 'Flight'
  5181 | D:6      | Found Wigiorol's Magical Wand Emporium.
  5193 | D:6      | Found Nyobat's Distillery.
  5197 | D:6      | Noticed mopl's ghost (average DsFi)
  5226 | D:6      | Bought 2 potions of curing for 48 gold pieces
  5226 | D:6      | Bought a potion of heal wounds for 36 gold pieces
  5226 | D:6      | Bought a potion of heal wounds for 36 gold pieces
  5226 | D:6      | Bought a potion of heal wounds for 36 gold pieces
  5250 | D:6      | XOM: 1-stop teleportation journey
  5253 | D:6      | Found Lajyiny's Magic Scroll Shoppe.
  5370 | D:6      | Found Irih's Gadget Boutique.
  5383 | D:6      | Reached skill level 8 in Polearms
  5427 | D:6      | XOM: summons friendly iron imp
  5433 | D:6      | XOM: enchant monster (good)
  5443 | D:6      | Killed mopl's ghost
  5748 | D:5      | XOM: summons 2 friendly demons
  5799 | D:5      | Killed Menkaure
  5799 | D:5      | Reached XP level 9. HP: 39/55 MP: 9/9
  5814 | D:6      | XOM: god gift: lamp of fire
  5860 | D:6      | XOM: vitrification
  5942 | D:7      | XOM: summons 7 friendly demons
  6227 | D:7      | Reached skill level 9 in Polearms
  6408 | D:7      | XOM: cast spell 'Lethal Infusion'
  6428 | D:7      | XOM: polymorph orc wizard -> green rat
  6456 | D:7      | XOM: 3-stop teleportation journey
  6474 | D:7      | Learned a level 3 spell: Regeneration
  6598 | D:7      | XOM: god gift: scroll of enchant armour
  6667 | D:7      | XOM: harmless Trmt miscast
  6765 | D:7      | Noticed a spriggan baker
  6770 | D:7      | Killed a spriggan baker
  6770 | D:7      | Reached skill level 1 in Charms
  6770 | D:7      | Reached skill level 1 in Necromancy
  6889 | D:8      | XOM: enchant monster (bad)
  6953 | D:8      | XOM: harmless Summ miscast
  6973 | D:8      | Got a dazzling mace
  7209 | D:8      | XOM: divination: detect items
  7259 | D:8      | XOM: colour smoke trail
  7293 | D:8      | XOM: divination: magic mapping
  7319 | D:8      | XOM: divination: detect creatures
  7324 | D:8      | XOM: mild Ice miscast
  7404 | D:8      | XOM: give mutations
  7404 | D:8      | Gained mutation: Your spells are a little harder to cast, but a little more powerful. [Xom's grace]
  7404 | D:8      | Gained mutation: You possess an exceptional clarity of mind. [Xom's grace]
  7594 | D:8      | Identified the +11,+7 mace of the End of Times {crush, MR+ SInv} (You found it on level 8 of the Dungeon)
  7611 | D:8      | Learned a level 2 spell: Shroud of Golubria
  7654 | D:8      | XOM: 1-stop teleportation journey
  7820 | D:8      | XOM: 3-stop teleportation journey
  8026 | D:8      | Reached XP level 10. HP: 63/63 MP: 10/10
  8026 | D:8      | XOM: summons 10 friendly demons
  8043 | D:8      | Reached skill level 10 in Polearms
  8071 | D:8      | XOM: summons friendly ufetubus
  8127 | D:8      | XOM: polymorph ufetubus -> shadow imp
  8426 | D:8      | XOM: god gift: graven book {god gift}
  8427 | D:8      | Identified Xom's Compendium of Revolt (Xom gifted it to you on level 8 of the Dungeon)
  8433 | D:8      | Learned a level 2 spell: Ensorcelled Hibernation
  8533 | D:9      | XOM: divination: detect items
  8684 | D:9      | XOM: summons friendly crimson imp
  8941 | D:9      | Noticed Pikel
  9015 | D:9      | Reached skill level 1 in Ice Magic
  9070 | D:9      | XOM: god gift: bread ration
  9086 | D:9      | Killed Pikel
  9086 | D:9      | XOM: divine lightning
  9158 | D:10     | Entered Level 10 of the Dungeon
  9166 | D:10     | Reached skill level 1 in Spellcasting
  9166 | D:10     | Reached skill level 1 in Hexes
  9228 | D:10     | Found Qadepp's Book Shop.
  9332 | D:10     | XOM: give mutations
  9332 | D:10     | Lost mutation: You occasionally shout uncontrollably. [Xom's mischief]
  9332 | D:10     | Lost mutation: You can spit poison. [Xom's mischief]
  9435 | D:10     | Found a roughly hewn altar of Beogh.
  9485 | D:10     | Noticed an unseen horror
  9486 | D:10     | XOM: blink monster(s)
  9491 | D:10     | Found a staircase to the Orcish Mines.
  9939 | D:10     | XOM: 1-stop teleportation journey
 10003 | D:10     | XOM: polymorph orc warrior -> sheep
 10014 | D:10     | XOM: 1-stop teleportation journey
 10130 | D:10     | XOM: god gift: scroll of random uselessness
 10243 | D:10     | Xom revived you
 10326 | D:10     | XOM: inner flame monster(s)
 10431 | D:10     | XOM: divination: magic mapping
 10488 | D:10     | XOM: colour smoke trail
 10536 | D:10     | Killed an unseen horror
 10536 | D:10     | Reached XP level 11. HP: 23/67 MP: 18/20
 10573 | D:10     | Learned a level 3 spell: Mephitic Cloud
 10577 | D:10     | Learned a level 3 spell: Conjure Flame
 10616 | D:10     | XOM: vitrification
 10637 | D:10     | XOM: divination: detect creatures
 10778 | D:10     | XOM: noise
 10786 | D:10     | Reached skill level 1 in Conjurations
 10786 | D:10     | Reached skill level 1 in Poison Magic
 10802 | D:10     | XOM: scenery: 1 doors open, 1 doors close
 10857 | D:11     | Noticed a hill giant
 10860 | D:11     | XOM: harmless Tloc miscast
 10915 | D:11     | Found a staircase to the Lair.
 10919 | D:11     | XOM: mild Tloc miscast
 10922 | D:11     | XOM: summons 7 friendly demons
 10961 | D:11     | Killed a hill giant
 10961 | D:11     | Reached skill level 1 in Air Magic
 10963 | D:11     | XOM: confuse monster(s)
 10982 | D:11     | XOM: divination: detect items
 10986 | D:11     | XOM: summons friendly white imp
 10989 | D:11     | Noticed Psyche
 11000 | D:11     | Killed Psyche
 11113 | D:9      | XOM: harmless Hex miscast
 11291 | D:10     | XOM: noise
 11541 | D:11     | XOM: noise
 11594 | D:11     | Gained mutation: You have an increased reservoir of magic (+10% MP). [mutagenic meat]
 11621 | D:11     | XOM: enchant monster (bad)
 11831 | D:11     | Found a flagged portal.
 11977 | Bailey   | Entered a bailey
 12099 | Bailey   | Noticed an orc knight
 12143 | Bailey   | Killed an orc knight
 12199 | Bailey   | Found an iron altar of Okawaru.
 12200 | Bailey   | XOM: harmless Trmt miscast
 12230 | Bailey   | XOM: swap weapons
 12516 | D:11     | XOM: harmless Divn miscast
 12532 | D:11     | Noticed Maurice
 12546 | D:11     | Killed Maurice
 12598 | D:11     | XOM: harmless Chrm miscast
 12682 | D:11     | XOM: medium Summ miscast
 12699 | D:11     | XOM: noise
 13016 | Lair:1   | Entered Level 1 of the Lair of Beasts
 13100 | Lair:1   | XOM: cast spell 'Tukima's Dance'
 13105 | Lair:1   | Reached XP level 12. HP: 68/72 MP: 21/25
 13148 | Lair:1   | Learned a level 3 spell: Spectral Weapon
 13272 | Lair:1   | Found a frozen archway.
 13289 | IceCv    | Entered an ice cave
 13294 | IceCv    | Reached skill level 5 in Poison Magic
 13294 | IceCv    | XOM: summons 4 friendly demons
 13313 | IceCv    | Reached skill level 5 in Charms
 13323 | IceCv    | XOM: give mutations
 13323 | IceCv    | Gained mutation: You are very frail (-20% HP). [Xom's mischief]
 13323 | IceCv    | Lost mutation: You possess an exceptional clarity of mind. [Xom's mischief]
 13323 | IceCv    | Lost mutation: You are very agile. (Dex +4) [Xom's mischief]
 13395 | IceCv    | XOM: mild Conj miscast
 13414 | IceCv    | XOM: harmless Chrm miscast
 13634 | IceCv    | XOM: 7-stop teleportation journey
 13780 | IceCv    | Noticed a frost giant
 13809 | IceCv    | XOM: enchant monster (bad)
 14000 | IceCv    | XOM: harmless Divn miscast
 14039 | IceCv    | Gained mutation: You have very sharp teeth. [potion of beneficial mutation]
 14042 | IceCv    | XOM: confuse monster(s)
 14044 | IceCv    | XOM: enchant monster (good)
 14062 | IceCv    | Gained mutation: You are somewhat resistant to further mutation. [potion of beneficial mutation]
 14063 | IceCv    | Killed a frost giant
 14063 | IceCv    | Reached skill level 11 in Polearms
 14110 | IceCv    | XOM: god gift: 55 gold pieces
 14223 | IceCv    | XOM: cast spell 'Dragon Form'
 14237 | IceCv    | XOM: god gift: 2 tomahawks of returning
 14256 | IceCv    | XOM: cast spell 'Blink'
 14275 | IceCv    | Reached skill level 5 in Conjurations
 14292 | IceCv    | Reached skill level 5 in Air Magic
 14302 | IceCv    | XOM: summons friendly quasit
 14572 | Lair:1   | XOM: mild Necr miscast
 14861 | Lair:1   | Lost mutation: Your spells are a little harder to cast, but a little more powerful. [potion of cure mutation]
 14861 | Lair:1   | Lost mutation: You are somewhat resistant to further mutation. [potion of cure mutation]
 14861 | Lair:1   | Lost mutation: Your mind is acute. (Int +2) [potion of cure mutation]
 14861 | Lair:1   | Lost mutation: You are partially covered in rough black scales (AC +4, Dex -1). [potion of cure mutation]
 14861 | Lair:1   | Lost mutation: You are very frail (-20% HP). [potion of cure mutation]
 15258 | Lair:1   | XOM: god gift: jewelled fluorescent wand {god gift}
 15338 | Lair:2   | Reached XP level 13. HP: 77/77 MP: 26/26
 16257 | Lair:3   | XOM: harmless Tloc miscast
 16339 | Lair:3   | XOM: colour smoke trail
 16372 | Lair:3   | Reached skill level 5 in Spellcasting
 16507 | Lair:3   | Found a white marble altar of Elyvilon.
 16591 | Lair:3   | XOM: god gift: papyrus book {god gift}
 16726 | Lair:3   | XOM: god gift: 23 gold pieces
 17155 | Lair:3   | XOM: divination: detect creatures
 17182 | Lair:4   | Noticed Gorice's ghost (powerful DrBe)
 17309 | Lair:4   | XOM: polymorph komodo dragon -> yak
 17470 | Lair:4   | Identified a scroll of acquirement
 17491 | Lair:4   | Found a hole to the Spider Nest.
 17504 | Lair:4   | Reached skill level 1 in Evocations
 17505 | Lair:4   | XOM: mild Chrm miscast
 17513 | Lair:4   | XOM: divination: detect items
 17528 | Lair:4   | XOM: summons friendly shadow imp
 17532 | Lair:4   | XOM: summons 7 friendly demons
 17533 | Lair:4   | XOM: divination: detect items
 17649 | Lair:5   | XOM: polymorph wolf -> giant eyeball
 17702 | Lair:5   | Found a staircase to the Shoals.
 17734 | Lair:5   | XOM: mild Ice miscast
 17795 | Lair:5   | XOM: draining
 18057 | Lair:5   | XOM: god gift: leather armour {god gift}
 18108 | Lair:5   | Reached XP level 14. HP: 82/82 MP: 28/28
 18117 | Lair:5   | Learned a level 6 spell: Poisonous Cloud
 18278 | Lair:5   | Found a burning altar of Makhleb.
 18308 | Lair:5   | XOM: severe Pois miscast
 18830 | Lair:6   | XOM: enchant monster (bad)
 18831 | Lair:6   | XOM: mild Pois miscast
 18838 | Lair:6   | XOM: 1-stop teleportation journey
 18992 | Lair:6   | Reached skill level 10 in Conjurations
 19038 | Lair:6   | XOM: noise
 19050 | Lair:6   | XOM: cast spell 'Summon Swarm'
 19242 | Lair:6   | Found a staircase to the Slime Pits.
 19511 | Lair:6   | Got an ichor-stained dagger
 19512 | Lair:6   | Identified the +7,+7 dagger of Maedei {antimagic, +Fly Dex+2} (You found it on level 6 of the Lair of Beasts)
 19696 | Lair:7   | XOM: mild Tloc miscast
 19723 | Lair:7   | XOM: enchant monster (bad)
 19781 | Lair:7   | XOM: god gift: bread ration
 19836 | Lair:7   | XOM: swap monsters
 19853 | Lair:7   | XOM: 2-stop teleportation journey
 19859 | Lair:7   | XOM: medium Summ miscast
 19863 | Lair:7   | XOM: confuse monster(s)
 19982 | Lair:7   | Reached skill level 10 in Dodging
 20002 | Lair:7   | XOM: noise
 20004 | Lair:7   | XOM: confusion (+ monsters)
 20028 | Lair:7   | XOM: give mutations
 20028 | Lair:7   | Gained mutation: Your spells are a little harder to cast, but a little more powerful. [Xom's mischief]
 20028 | Lair:7   | Gained mutation: Your body is misshapen. [Xom's mischief]
 20032 | Lair:7   | XOM: polymorph komodo dragon -> redback
 20051 | Lair:7   | XOM: harmless Summ miscast
 20068 | Lair:7   | XOM: give mutations
 20068 | Lair:7   | Lost mutation: Your body is misshapen. [Xom's mischief]
 20068 | Lair:7   | Gained mutation: Your body is slowly deteriorating. [Xom's mischief]
 20068 | Lair:7   | Lost mutation: Your body is slowly deteriorating. [Xom's mischief]
 20104 | Lair:7   | XOM: summons 1 hostile demon
 20306 | Lair:7   | XOM: stat loss: -1 Int (18/19)
 20389 | Lair:8   | Entered Level 8 of the Lair of Beasts
 20647 | Lair:8   | XOM: summons 3 hostile demons
 20658 | Lair:8   | XOM: noise
 20684 | Lair:8   | XOM: harmless Conj miscast
 20687 | Lair:8   | XOM: noise
 20751 | Lair:8   | XOM: blink monster(s)
 20754 | Lair:8   | XOM: confuse monster(s)
 20827 | Lair:8   | XOM: vitrification
 21001 | Lair:8   | XOM: enchant monster (good)
 21015 | Lair:8   | XOM: 4-stop teleportation journey
 21021 | Lair:8   | XOM: 5-stop teleportation journey
 21132 | Lair:8   | XOM: enchant monster (good)
 21135 | Lair:8   | XOM: noise
 21142 | Lair:8   | XOM: enchant monster (good)
 21143 | Lair:8   | XOM: cast spell 'Summon Dragon'
 21171 | Lair:8   | HP: 4/82 [spriggan rider/spear (13)]
 21172 | Lair:8   | Demolished by a spriggan rider

Action                   |  1- 3 |  4- 6 |  7- 9 | 10-12 | 13-15 || total
-------------------------+-------+-------+-------+-------+-------++-------
Melee: Spear             |    67 |   108 |       |       |       ||   175
       Unarmed           |     1 |       |       |    24 |       ||    25
       Trident           |       |    14 |   465 |   454 |       ||   933
       Halberd           |       |       |       |   370 |   604 ||   974
       Mace              |       |       |       |    23 |       ||    23
       War axe           |       |       |       |     3 |       ||     3
 Fire: Sling             |       |    27 |       |     5 |       ||    32
       Blowgun           |       |       |       |     4 |       ||     4
 Cast: Regeneration      |       |       |       |    70 |    67 ||   137
       Mephitic Cloud    |       |       |       |    42 |    40 ||    82
       Conjure Flame     |       |       |       |    21 |    12 ||    33
       Shroud of Golubri |       |       |       |     1 |     4 ||     5
       Spectral Weapon   |       |       |       |       |     1 ||     1
       Ensorcelled Hiber |       |       |       |       |     1 ||     1
 Abil: Blink             |       |       |       |     4 |       ||     4
       Evoke Berserk Rag |       |       |       |       |     1 ||     1
Evoke: Wand              |       |     1 |    10 |    16 |    10 ||    37
       lamp of fire      |       |       |     1 |     1 |       ||     2
  Use: Potion            |     7 |       |    13 |    11 |     4 ||    35
       Scroll            |       |       |    16 |    14 |    24 ||    54
 Stab: Sleeping          |     4 |     4 |     7 |     6 |    12 ||    33
       Confused          |       |     1 |       |    36 |    28 ||    65
       Distracted        |       |       |     1 |     5 |       ||     6
       Petrified         |       |       |       |     5 |       ||     5
       Fleeing           |       |       |       |     3 |       ||     3
       Petrifying        |       |       |       |       |     1 ||     1
